[Event "fics rated crazyhouse match"]
[Site "fics, Oklahoma City, OK USA"]
[Date "2000.03.06"]
[White "Eyefor"]
[WhiteElo "2419"]
[Black "LordPixel"]
[BlackElo "2424"]
[TimeControl "0+1"]
[Result "0-1"]

1. e4 Nf6 2. Nc3 e6 3. e5 Nd5 4. d4 Bb4 5. Bd2 Nxc3 6. bxc3 
N@b2 7. Qb1 Bxc3 8. Bxc3 Na4 9. B@b4 Nxc3 10. Bxc3 Nc6 11. N@c5 P@b6 
12. Ne4 B@f4 13. N@d6+ cxd6 14. Nxd6+ Kf8 15. P@b5 N@d2 16. Qd1 Nxd4 17. Bxd4 
P@c7 18. Nxc8 Rxc8 19. B@b4+ d6 20. exd6 Bxd6 21. Bxg7+ Kxg7 22. Qg4+ B@g6 
23. P@e7 Qxe7 24. Bc3+ N@e5 25. Kxd2 Kf8 26. P@g7+ Kg8 27. gxh8=Q+ Kxh8 28. Kd1 
Bxc2+ 29. Kxc2 P@g7 30. Bxe5 Bxe5 31. B@h4 B@f5+ 32. Qxf5 Qc5+ 33. R@c4 exf5 
34. Rxc5 Q@b2+ 35. Kd1 Qxa1+ 36. Q@c1 R@b1 37. N@c6 bxc5 38. Qxb1 Qxb1+ 39. R@c1 
Q@c2+ 40. Ke1 Qbxc1+ 41. N@d1 Q1xd1# 
{Eyefor checkmated} 0-1

[Event "fics rated crazyhouse match"]
[Site "fics, Oklahoma City, OK USA"]
[Date "2000.03.06"]
[White "LordPixel"]
[WhiteElo "2432"]
[Black "Eyefor"]
[BlackElo "2411"]
[TimeControl "0+1"]
[Result "1-0"]

1. e4 e6 2. d4 d6 3. Nc3 Nf6 4. Nf3 Be7 5. Be2 Nc6 6. Bf4 
Nh5 7. Be3 Nf6 8. Ng5 h6 9. Nxf7 Kxf7 10. P@b5 N@h4 11. Rg1 Nb4 
12. g3 Ng6 13. a3 Nxc2+ 14. Qxc2 Ke8 15. N@h5 Nxh5 16. Bxh5 P@f7 17. N@d3 
N@c4 18. Bxg6 fxg6 19. N@f4 Nxe3 20. fxe3 B@h5 21. Nxh5 gxh5 22. B@g6+ Kf8 
23. N@f7 N@f3+ 24. Ke2 B@g4 25. Nxd8 Nxh2+ 26. Kf2 P@f7 27. Nxf7 Rg8 28. Nxh6 
gxh6 29. Q@f7# 
{Eyefor checkmated} 1-0

[Event "fics rated crazyhouse match"]
[Site "fics, Oklahoma City, OK USA"]
[Date "2000.03.06"]
[White "LordPixel"]
[WhiteElo "2431"]
[Black "Eyefor"]
[BlackElo "2412"]
[TimeControl "0+1"]
[Result "1-0"]

1. e4 e6 2. d4 d5 3. exd5 exd5 4. Bb5+ Nc6 5. Qe2+ Qe7 6. Bf4 
Qxe2+ 7. Nxe2 Bb4+ 8. Nbc3 Ba5 9. P@a6 Bxc3+ 10. Nxc3 N@b4 11. Bxc6+ bxc6 
12. Q@a4 Q@e7+ 13. N@e5 P@f3 14. gxf3 Nxc2+ 15. Qxc2 P@g2 16. Rg1 B@f1 17. Qa4 
Qxe5+ 18. Bxe5 N@d3+ 19. Kd2 Bd7 20. Bxg7 Ne7 21. N@f6+ Kd8 22. Bxh8 Be8 
23. Raxf1 gxf1=Q 24. Rxf1 Nxb2 25. P@b7 R@d3+ 26. Kc1 Rb8 27. Kxb2 Rxc3 28. Q@f8 
Rxb7+ 29. axb7 N@c4+ 30. Qxc4 P@a3+ 31. Kxc3 P@b4+ 32. Qxb4 Nf5 33. Qxe8# 
{Eyefor checkmated} 1-0

[Event "fics rated crazyhouse match"]
[Site "fics, Oklahoma City, OK USA"]
[Date "2000.03.06"]
[White "Eyefor"]
[WhiteElo "2404"]
[Black "LordPixel"]
[BlackElo "2439"]
[TimeControl "0+1"]
[Result "0-1"]

1. e4 e6 2. d4 d6 3. Nc3 Nf6 4. Nf3 Be7 5. Be2 Nc6 6. O-O 
e5 7. dxe5 Nxe5 8. Nxe5 dxe5 9. Qxd8+ Bxd8 10. P@e7 Bxe7 11. N@d5 Nxd5 
12. Nxd5 Q@d7 13. N@f5 Bf8 14. Q@g3 N@g6 15. Bg5 P@e6 16. Nxg7+ Bxg7 17. P@f6 
N@d4 18. Rae1 exd5 19. fxg7 Rg8 20. B@h3 P@e6 21. exd5 Nxc2 22. dxe6 fxe6 
23. Rc1 Nd4 24. Bd3 N@f3+ 25. Kh1 N@h5 26. Qg4 Nxg5 27. Qxg5 Rxg7 28. Qxh5 
P@f6 29. Bxe6 Nxe6 30. P@h6 Nf4 31. hxg7 Nxh5 32. g8=Q+ Q@f8 33. Bxg6+ hxg6 
34. Qxg6+ B@f7 35. Ra1 Bxg6 36. P@g7 Nxg7 37. P@h6 P@h3 38. hxg7 hxg2+ 39. Kxg2 
P@f3+ 40. Kg1 Qdxg7 41. N@h4 P@e4 42. N@d5 Bf7+ 43. R@g3 Bxd5 44. Rxg7 N@e2+ 
45. Kh1 Qxg7 46. Q@g6+ Qxg6 47. P@d7+ Bxd7 48. N@d6+ cxd6 49. N@c7+ Kf7 50. P@e6+ 
B7xe6 51. Rg1 N@d3 52. h3 Nxf2+ 53. Kh2 B@f4+ 54. Rg3 Bxg3# 
{Eyefor checkmated} 0-1

[Event "fics rated crazyhouse match"]
[Site "fics, Oklahoma City, OK USA"]
[Date "2000.03.06"]
[White "Eyefor"]
[WhiteElo "2406"]
[Black "LordPixel"]
[BlackElo "2437"]
[TimeControl "0+1"]
[Result "1-0"]

1. d4 e6 2. Nc3 d6 3. e4 Nf6 4. Bb5+ Bd7 5. Bg5 Bxb5 6. Bxf6 
Qxf6 7. Nxb5 B@a5+ 8. B@d2 Bxd2+ 9. Qxd2 Qd8 10. B@g5 Be7 11. Bxe7 Qxe7 
12. N@c8 Qd7 13. Nbxa7 Rxa7 14. Nxa7 N@c4 15. R@c8+ Qxc8 16. B@b5+ Nc6 17. Qe2 
B@d2+ 18. Kf1 Qa8 19. Nxc6 Nxb2 20. Ne5+ P@c6 21. Bxc6+ bxc6 22. P@d7+ Kf8 
23. Nxf7 Kxf7 24. Qxd2 B@c4+ 25. P@d3 Bxa2 26. N@g5+ Ke7 27. Nxe6 Kxe6 28. Rxa2 
R@b1+ 29. B@e1 Qxa2 30. P@f5+ Kxd7 31. B@e6+ Qxe6 32. fxe6+ Kc8 33. Q@a8+ N@b8 
34. P@d7+ Kd8 35. Qxb8+ Ke7 36. Qxh8 Rxe1+ 37. Qxe1 N@d2+ 38. Qxd2 R@d1+ 39. Qxd1 
Kxe6 40. Qg4+ P@f5 41. Qxf5+ Ke7 42. d8=Q# 
{LordPixel checkmated} 1-0

[Event "fics rated crazyhouse match"]
[Site "fics, Oklahoma City, OK USA"]
[Date "2000.03.06"]
[White "LordPixel"]
[WhiteElo "2428"]
[Black "Eyefor"]
[BlackElo "2415"]
[TimeControl "0+1"]
[Result "0-1"]

1. e4 e6 2. d4 d6 3. Nc3 Nf6 4. Nf3 Be7 5. Be2 Nc6 6. O-O 
e5 7. d5 Nb8 8. Ng5 Rg8 9. Nxf7 Kxf7 10. P@g5 Nfd7 11. Bh5+ g6 
12. Bg4 Bxg5 13. Bxg5 Qxg5 14. Bxd7 Bxd7 15. N@e6 Bxe6 16. dxe6+ Kf8 17. B@e3 
P@f4 18. Bxa7 B@g4 19. Bxb8 Bxd1 20. N@d7+ Ke7 21. Bxc7 N@f3+ 22. Kh1 Qxg2+ 
23. Kxg2 Nh4+ 24. Kh3 Q@g4# 
{LordPixel checkmated} 0-1

[Event "fics rated crazyhouse match"]
[Site "fics, Oklahoma City, OK USA"]
[Date "2000.03.06"]
[White "Eyefor"]
[WhiteElo "2423"]
[Black "LordPixel"]
[BlackElo "2420"]
[TimeControl "0+1"]
[Result "0-1"]

1. d4 e6 2. Nc3 d6 3. e4 Nf6 4. Bb5+ Bd7 5. Bg5 Be7 6. Bxf6 
Bxf6 7. Bxd7+ Nxd7 8. B@h5 Rf8 9. N@f4 B@c4 10. Nf3 B@b4 11. Qd2 e5 
12. a3 Bxc3 13. Qxc3 exf4 14. Qxc4 N@c6 15. B@d5 g6 16. Bxc6 bxc6 17. Bxg6 
hxg6 18. N@b7 Qc8 19. Qxc6 N@d8 20. Nxd8 Qxd8 21. N@d5 Rc8 22. Nxf4 N@b8 
23. Qb7 B@c6 24. Qxa7 B@b6 25. Qxb6 cxb6 26. B@d3 Q@g4 27. B@e3 g5 28. P@h3 
Qxf3 29. gxf3 gxf4 30. Q@f1 fxe3 31. fxe3 N@a4 32. Rb1 Nxb2 33. Rxb2 B@c3+ 
34. P@d2 Bxb2 35. P@a7 R@c1+ 36. N@d1 Bxa3 37. axb8=Q Rxd1+ 38. Kxd1 N@b2+ 39. Ke1 
Nxb8 40. N@a1 Nxd3+ 41. Qxd3 P@g2 42. Rg1 P@b2 43. Qxa3 b1=Q+ 44. B@d1 P@b2 
45. Nb3 Qxd1+ 46. Kxd1 b1=Q+ 47. R@c1 Qxc1+ 48. Qxc1 R@f1+ 49. N@e1 Rxg1 50. P@c7 
Rxe1+ 51. Kxe1 R@f1+ 52. Ke2 N@g1+ 53. Kd3 Bb5+ 54. P@c4 Bxc4+ 55. Kc3 Rxc7 
56. P@e7 Qxe7 57. P@a7 N@a4+ 58. Kb4 Nc6+ 59. Ka3 P@b4+ 60. Ka2 Bxb3+ 61. cxb3 
Rxc1 62. a8=Q+ B@b8 63. Qxc6+ R7xc6 64. B@d7+ Qxd7 65. R@d8+ Kxd8 66. N@b7+ Qxb7 
67. bxa4 Q@b1# 
{Eyefor checkmated} 0-1

[Event "fics rated crazyhouse match"]
[Site "fics, Oklahoma City, OK USA"]
[Date "2000.03.06"]
[White "LordPixel"]
[WhiteElo "2428"]
[Black "Eyefor"]
[BlackElo "2415"]
[TimeControl "0+1"]
[Result "1-0"]

1. e4 e6 2. d4 d6 3. Nf3 Nf6 4. Bd3 Be7 5. e5 Nd5 6. O-O 
dxe5 7. dxe5 P@g4 8. Nd4 h5 9. P@g6 fxg6 10. Bxg6+ P@f7 11. Bxf7+ Kxf7 
12. P@e4 Ke8 13. exd5 exd5 14. N@g6 Rh7 15. Nxe7 Qxe7 16. B@g6+ P@f7 17. Bxh7 
Qxe5 18. R@g5 Qf6 19. Rxh5 P@e5 20. Nb5 Na6 21. Qxd5 N@e2+ 22. Kh1 B@d4 
23. Qe4 Nxc1 24. Nxd4 B@f4 25. Rxc1 Bxc1 26. Rxe5+ R@e6 27. B@b5+ Bd7 28. Rxe6+ 
fxe6 29. Bxa6 R@d1+ 30. N@g1 Qxd4 31. Bg6+ Kf8 32. P@e7+ Kxe7 33. N@f5+ Kf6 
34. Nxd4 Rxg1+ 35. Kxg1 bxa6 36. R@f7+ Kg5 37. R@h5# 
{Eyefor checkmated} 1-0

[Event "fics rated crazyhouse match"]
[Site "fics, Oklahoma City, OK USA"]
[Date "2000.03.06"]
[White "Eyefor"]
[WhiteElo "2407"]
[Black "LordPixel"]
[BlackElo "2436"]
[TimeControl "0+1"]
[Result "0-1"]

1. e4 Nf6 2. e5 Nd5 3. d4 Nc6 4. Bc4 e6 5. Bxd5 exd5 6. N@g5 
B@a5+ 7. Kf1 Be7 8. Nxf7 Kxf7 9. Qf3+ Kg8 10. P@f7+ Kf8 11. Qxd5 N@b6 
12. Qe4 Kxf7 13. Qf4+ Ke8 14. P@f7+ Kf8 15. Ne2 Nc4 16. Kg1 d6 17. exd6 
Nxd6 18. d5 Nxf7 19. P@e6 Bxe6 20. dxe6 Qd1# 
{Eyefor forfeits on time} 0-1

[Event "fics rated crazyhouse match"]
[Site "fics, Oklahoma City, OK USA"]
[Date "2000.03.06"]
[White "LordPixel"]
[WhiteElo "2443"]
[Black "Eyefor"]
[BlackElo "2400"]
[TimeControl "0+1"]
[Result "1-0"]

1. d4 e6 2. Nc3 d6 3. e4 Nf6 4. Nf3 Nc6 5. Bb5 Be7 6. Bxc6+ 
bxc6 7. N@g5 B@b4 8. Nxf7 Kxf7 9. Ng5+ Kf8 10. P@b7 Bxc3+ 11. bxc3 Bd7 
12. bxa8=Q Qxa8 13. R@f7+ Ke8 14. Rxg7 N@c4 15. B@f7+ Kd8 16. Bxe6 P@b2 17. Rxe7 
bxa1=Q 18. Rxd7+ Nxd7 19. Nf7+ Ke7 20. Bxc4 Qxc3+ 21. N@d2 Qxc4 22. B@g5+ Kxf7 
23. B@h5+ Kg8 24. P@b7 Qxb7 25. Nxc4 Qb4+ 26. Nd2 R@f8 27. P@f7+ Rxf7 28. Bxf7+ 
Kxf7 29. R@e7+ Kg8 30. P@f7+ Kf8 31. Rxd7 N@e6 32. Be7+ Kg7 33. N@f5+ Kg6 
34. Rxd6 Kxf7 35. Rxe6 P@e2 36. N@g5+ Ke8 37. Bxb4# 
{Eyefor forfeits on time} 1-0

[Event "fics rated crazyhouse match"]
[Site "fics, Oklahoma City, OK USA"]
[Date "2000.03.06"]
[White "Eyefor"]
[WhiteElo "2393"]
[Black "LordPixel"]
[BlackElo "2450"]
[TimeControl "0+1"]
[Result "0-1"]

1. e4 e6 2. d4 d6 3. Nf3 Nf6 4. Bd3 Nc6 5. c3 e5 6. d5 
Nb8 7. h3 Nbd7 8. Ng5 Nc5 9. Be3 Nxd3+ 10. Qxd3 h6 11. Nxf7 Kxf7 
12. P@e6+ Kg8 13. N@f7 Qe7 14. Nxd6 Qxd6 15. P@f7+ Kh7 16. Bxa7 Rxa7 17. P@c2 
N@c5 18. Qf3 Nfxe4 19. b4 N@h4 20. Qg4 P@g3 21. Qxh4 gxf2+ 22. Kf1 B@c4+ 
23. N@e2 B@d1 24. Qxf2 Nxf2 25. bxc5 Bdxe2+ 26. Ke1 Q@c1+ 27. N@d1 Qxd1+ 28. Kxf2 
Qxc5+ 29. P@d4 N@e4+ 30. Ke3 Qdxd4+ 31. cxd4 Qxd4# 
{Eyefor checkmated} 0-1

[Event "fics rated crazyhouse match"]
[Site "fics, Oklahoma City, OK USA"]
[Date "2000.03.06"]
[White "LordPixel"]
[WhiteElo "2457"]
[Black "Eyefor"]
[BlackElo "2386"]
[TimeControl "0+1"]
[Result "0-1"]

1. e4 e6 2. d4 d6 3. Nf3 Nf6 4. Bd3 Be7 5. e5 Ng4 6. Qe2 
Nc6 7. exd6 Bxd6 8. P@c5 Bxh2 9. Nxh2 Nxh2 10. Rxh2 Nxd4 11. B@a4+ P@c6 
12. Qg4 N@f5 13. Bxf5 Nxf5 14. N@e5 Qd4 15. Qxd4 Nxd4 16. Nc3 Q@g1+ 17. N@f1 
P@f6 18. Nxf7 Kxf7 19. Q@h1 Qxh1 20. Rxh1 Q@e5+ 21. Ne3 Qxc5 22. P@g6+ Kxg6 
23. Q@f4 P@e5 24. Qh2 N@f3+ 25. gxf3 Nxf3+ 26. Kd1 Nxh2 27. N@h4+ Kf7 28. Rxh2 
Q@g1+ 29. N@f1 Ke8 30. Rg2 Qh1 31. Nf3 B@h5 32. Ke1 Bxf3 33. Rxg7 N@g2+ 
34. Nxg2 Bxg2 35. P@f7+ Kd8 36. Rg8+ N@f8 37. Rxg2 Qxg2 38. N@e3 Qg1 39. B@h2 
Qg7 40. Bxc6 bxc6 41. Bxe5 fxe5 42. P@d4 exd4 43. P@b4 Qe7 44. Ne4 dxe3 
45. Bxe3 Qxb4+ 46. Nfd2 R@g1+ 47. Ke2 B@h5+ 48. f3 Ba6+ 49. c4 Qg2+ 50. P@f2 
Bxc4+ 51. Nxc4 N@f4+ 52. Bxf4 Qxf3# 
{LordPixel checkmated} 0-1

[Event "fics rated crazyhouse match"]
[Site "fics, Oklahoma City, OK USA"]
[Date "2000.03.06"]
[White "Eyefor"]
[WhiteElo "2396"]
[Black "LordPixel"]
[BlackElo "2447"]
[TimeControl "0+1"]
[Result "0-1"]

1. e4 e6 2. d4 Nf6 3. e5 Nd5 4. Nf3 Nc6 5. Be2 d6 6. exd6 
Bxd6 7. O-O Nf4 8. c3 Nxg2 9. Kxg2 P@e4 10. Kh1 exf3 11. Bxf3 Bxh2 
12. Bxc6+ bxc6 13. Kxh2 Qh4+ 14. P@h3 N@e4 15. Kg1 P@g3 16. fxg3 P@h2+ 17. Kxh2 
Qxg3+ 18. Kh1 P@g2+ 19. Kg1 B@h2# 
{Eyefor checkmated} 0-1

[Event "fics rated crazyhouse match"]
[Site "fics, Oklahoma City, OK USA"]
[Date "2000.03.06"]
[White "LordPixel"]
[WhiteElo "2454"]
[Black "Eyefor"]
[BlackElo "2389"]
[TimeControl "0+1"]
[Result "0-1"]

1. e4 Nf6 2. Nc3 e6 3. e5 Nd5 4. d4 Bb4 5. Bd2 Nxc3 6. bxc3 
N@b2 7. Qb1 Bxc3 8. Bxc3 Na4 9. N@b5 Nxc3 10. Nxc3 Nc6 11. N@b5 P@b4 
12. B@g5 bxc3 13. Bxd8 B@d2+ 14. Ke2 Kxd8 15. Q@h4+ B@g5 16. Qg4 h5 17. Qf3 
N@a3 18. Nxa3 Nxd4+ 19. Kd1 Nxf3 20. Nxf3 P@b2 21. N@b5 bxa1=Q 22. Qxa1 R@c1+ 
23. Qxc1 Bxc1 24. Nxc3 Bxa3 25. R@f8+ Rxf8 26. N@c6+ bxc6 27. P@e7+ Bgxe7 28. Nd4 
Q@c1+ 29. Ke2 R@e1+ 30. Kf3 Q@f4# 
{LordPixel checkmated} 0-1

[Event "fics rated crazyhouse match"]
[Site "fics, Oklahoma City, OK USA"]
[Date "2000.03.06"]
[White "Eyefor"]
[WhiteElo "2398"]
[Black "LordPixel"]
[BlackElo "2445"]
[TimeControl "0+1"]
[Result "1-0"]

1. e4 Nf6 2. Nc3 d5 3. exd5 Nxd5 4. Nf3 e6 5. d4 Nxc3 6. bxc3 
N@e4 7. P@b2 Nxf2 8. Kxf2 P@e4 9. Bb5+ P@c6 10. Bg5 f6 11. Ne5 fxg5 
12. Bxc6+ Nxc6 13. Qh5+ B@g6 14. P@f7+ Ke7 15. Qxg5+ B@f6 16. Qxf6+ gxf6 17. B@c5+ 
Q@d6 18. Bxd6+ cxd6 19. N@g8+ Rxg8 20. Nxc6+ bxc6 21. fxg8=Q e3+ 22. Ke2 N@f4+ 
23. Kxe3 B@f7 24. Qh8 N@c4+ 25. Kf2 Bxc2 26. R@h4 Nd3+ 27. Ke2 Ncxb2 28. P@g7 
P@f2 29. gxf8=Q+ Qxf8 30. B@d8+ Qxd8 31. Rxh7 B@g4+ 32. P@f3 Bxf3+ 33. gxf3 Qxh8 
34. N@g6+ Kd8 35. Q@e7# 
{LordPixel checkmated} 1-0

[Event "fics rated crazyhouse match"]
[Site "fics, Oklahoma City, OK USA"]
[Date "2000.03.06"]
[White "Eyefor"]
[WhiteElo "2400"]
[Black "LordPixel"]
[BlackElo "2443"]
[TimeControl "0+1"]
[Result "1-0"]

1. e4 e6 2. d4 d6 3. Nc3 Nf6 4. Nf3 Be7 5. Be2 Nc6 6. e5 
Ng4 7. Bf4 dxe5 8. dxe5 Qxd1+ 9. Rxd1 P@e3 10. Bxe3 Ncxe5 11. Nxe5 Nxe5 
12. P@f4 N@b4 13. Q@d2 Nd7 14. P@a3 Nc6 15. N@b5 Q@b8 16. Nxc7+ Qxc7 17. P@d6 
Bxd6 18. Qxd6 Qxd6 19. Rxd6 P@c7 20. Rxd7 Bxd7 21. N@c5 R@a1+ 22. B@c1 N@d4 
23. Q@d1 Rxc1 24. Qxc1 Q@c8 25. Bxd4 Nxd4 26. N@e5 B@c6 27. Nxf7 Nxe2 28. Nxe2 
Kxf7 29. N@g5+ Kf8 30. R@f7+ Ke8 31. Rxd7 Bxd7 32. B@f7+ Kf8 33. Bxe6 Bxe6 
34. Ncxe6+ Ke7 35. B@b4+ Kd7 36. Nc5+ Ke7 37. Qe3+ P@e4 38. Qxe4+ B@e5 39. Qxe5+ 
N@e6 40. Ncxe6+ Ke8 41. Nxc7+ Kd7 42. Qd6# 
{LordPixel checkmated} 1-0

[Event "fics rated crazyhouse match"]
[Site "fics, Oklahoma City, OK USA"]
[Date "2000.03.06"]
[White "LordPixel"]
[WhiteElo "2434"]
[Black "Eyefor"]
[BlackElo "2409"]
[TimeControl "0+1"]
[Result "1-0"]

1. e4 Nf6 2. Nc3 e6 3. e5 Nd5 4. d4 Bb4 5. Bd2 Nxc3 6. bxc3 
N@b2 7. Qb1 Bxc3 8. Bxc3 Na4 9. N@b5 P@c6 10. Nxc7+ Qxc7 11. P@d6 Qd8 
12. Ne2 N@e4 13. B@b2 Naxc3 14. Bxc3 Nxf2 15. N@c7+ Qxc7 16. dxc7 
{Eyefor forfeits on time} 1-0

[Event "fics rated crazyhouse match"]
[Site "fics, Oklahoma City, OK USA"]
[Date "2000.03.06"]
[White "Eyefor"]
[WhiteElo "2402"]
[Black "LordPixel"]
[BlackElo "2441"]
[TimeControl "0+1"]
[Result "0-1"]

1. e4 e6 2. d4 d6 3. Nf3 Nf6 4. Bd3 Be7 5. e5 Nd5 6. O-O 
dxe5 7. dxe5 P@g4 8. Nd4 h5 9. P@g6 f6 10. exf6 Bxf6 11. P@f7+ Kf8 
12. Nb5 P@d4 13. Be4 Nb4 14. Bd2 N4c6 15. Bxc6 Nxc6 16. N@c5 B@e7 17. Ne4 
Qd5 18. Qe2 Be5 19. g3 a6 20. Nxc7 Bxc7 21. P@g2 Qf5 22. Bf4 Bxf4 
23. gxf4 Qxg6 24. B@e8 N@f3+ 25. Kh1 B@b5 26. Qxb5 axb5 27. gxf3 P@g2+ 28. Kxg2 
gxf3+ 29. Kxf3 Q@g4# 
{Eyefor checkmated} 0-1

[Event "fics rated crazyhouse match"]
[Site "fics, Oklahoma City, OK USA"]
[Date "2000.03.06"]
[White "LordPixel"]
[WhiteElo "2448"]
[Black "Eyefor"]
[BlackElo "2395"]
[TimeControl "0+1"]
[Result "0-1"]

1. e4 e6 2. d4 d5 3. exd5 exd5 4. Bb5+ c6 5. Qe2+ Qe7 6. Bf4 
cxb5 7. Qxe7+ Bxe7 8. Q@c7 Na6 9. P@d7+ Bxd7 10. Qxb7 Q@c6 11. Qxc6 Bxc6 
12. Q@g3 Nb4 13. c4 Q@e4+ 14. Kf1 Qxd4 15. Nc3 Qxc4+ 16. P@e2 B@h4 17. Qxg7 
Qxf4 18. Nf3 B@f6 19. Nxd5 Nxd5 20. P@g3 N@e3+ 21. Kg1 Bxg7 22. gxf4 Nxf4 
23. P@d7+ Bxd7 24. Q@f1 Nxf1 25. Kxf1 Bxb2 26. N@c7+ Kd8 27. Nxa8 Bxa1 28. R@b8+ 
Bc8 29. Rxc8+ Kxc8 30. B@f5+ Kd8 31. Ne1 P@d2 32. Bc2 dxe1=Q+ 33. Kxe1 Q@c1+ 
34. Bd1 Qd2+ 35. Kxd2 Q@c3# 
{LordPixel checkmated} 0-1

[Event "fics rated crazyhouse match"]
[Site "fics, Oklahoma City, OK USA"]
[Date "2000.03.06"]
[White "Eyefor"]
[WhiteElo "2404"]
[Black "LordPixel"]
[BlackElo "2439"]
[TimeControl "0+1"]
[Result "0-1"]

1. e4 Nf6 2. Nc3 d5 3. exd5 Nxd5 4. d4 e6 5. Nxd5 exd5 6. Nf3 
Nc6 7. Be2 P@h3 8. N@f4 hxg2 9. Nxg2 P@h3 10. Nf4 N@g2+ 11. Nxg2 hxg2 
12. Rg1 N@h4 13. N@c3 Nxf3+ 14. Bxf3 N@b4 15. N@e3 Nxd4 16. Qxd4 Qe7 17. P@e5 
P@c5 18. Qf4 d4 19. N@d5 dxe3 20. Nxe7 exf2+ 21. Kxf2 N@h3+ 22. Kxg2 Nxf4+ 
23. Bxf4 Q@h3+ 24. Kf2 Bxe7 25. N@d5 N@d3+ 26. cxd3 Nxd3+ 27. Ke2 Nxf4+ 28. Nxf4 
Qxh2+ 29. N@g2 B@c4+ 30. P@d3 P@g4 31. P@d7+ Bxd7 32. Bxb7 P@f3+ 33. Bxf3 gxf3+ 
34. Kxf3 B@d4 35. Rh1 P@g4+ 36. Ke2 P@f3+ 37. Kd2 Bxc3+ 38. bxc3 Qg3 39. N@e4 
fxg2 40. Nxg3 gxh1=Q 41. Nxh1 N@f3+ 42. Kc1 R@e1+ 43. B@d1 Bg5 44. P@e3 Bxf4 
45. exf4 N@e2+ 46. Kb2 Bxd3 47. B@b3 Rxd1 48. Rxd1 Nxf4 49. Q@b7 Nxe5 50. Qxa8+ 
N@c8 51. P@b7 P@a3+ 52. Kxa3 P@b4+ 53. cxb4 cxb4+ 54. Kb2 B@c3+ 55. Kc1 P@b2# 
{Eyefor checkmated} 0-1

[Event "fics rated crazyhouse match"]
[Site "fics, Oklahoma City, OK USA"]
[Date "2000.03.06"]
[White "LordPixel"]
[WhiteElo "2446"]
[Black "Eyefor"]
[BlackElo "2397"]
[TimeControl "0+1"]
[Result "0-1"]

1. e4 Nf6 2. Nc3 d5 3. exd5 Nxd5 4. d4 e6 5. Nxd5 exd5 6. Nf3 
Nc6 7. Be2 P@h3 8. N@f4 hxg2 9. Nxg2 Bb4+ 10. Bd2 N@e4 11. Bxb4 Nxb4 
12. B@a4+ P@c6 13. P@d3 Nxf2 14. Kxf2 P@e4 15. dxe4 dxe4 16. P@e7 Qxe7 17. P@f6 
Qxf6 18. N@h5 Qh6 19. Ne5 B@d5 20. Ke1 P@f3 21. Ngf4 P@f2+ 22. Kxf2 fxe2 
23. Qxe2 P@f3 24. Nxf3 B@c4 25. P@d3 Bxd3 26. Nxd3 Nxd3+ 27. cxd3 P@e3+ 28. Ke1 
Qxh5 29. dxe4 N@d3+ 30. Qxd3 N@g2+ 31. Kd1 Qxf3+ 32. Kc1 Nf4 33. Qf1 Qxf1+ 
34. Rxf1 Nd3+ 35. Kc2 Q@d2+ 36. Kb1 Qxb2# 
{LordPixel checkmated} 0-1

[Event "fics rated crazyhouse match"]
[Site "fics, Oklahoma City, OK USA"]
[Date "2000.03.06"]
[White "Eyefor"]
[WhiteElo "2406"]
[Black "LordPixel"]
[BlackElo "2437"]
[TimeControl "0+1"]
[Result "0-1"]

1. e4 e6 2. d4 d6 3. Nf3 Nf6 4. Nc3 Nc6 5. d5 exd5 6. exd5 
Nb4 7. Be2 Qe7 8. O-O Bg4 9. Be3 Bxf3 10. Bxf3 N@f5 11. B@a4+ P@d7 
12. Bf4 Rb8 13. Re1 Nbxd5 14. Rxe7+ Ndxe7 15. P@g5 R@d4 16. Qc1 Nfd5 17. Bxd5 
Nxd5 18. Nxd5 Rxd5 19. Q@e2+ P@e6 20. N@b5 Rxb5 21. Qxb5 B@c6 22. Qc4 N@b6 
23. Q4f1 Bxa4 24. N@b5 Bxb5 25. Qxb5 N@d4 26. B@e2 Nxb5 27. Bxb5 a6 28. Bd3 
N@d4 29. Qd1 Nd5 30. Bxf5 Nxf4 31. R@e4 Nxf5 32. Rxf4 B@e5 33. N@d5 exd5 
34. Rxf5 B@e6 35. Rxe5 dxe5 36. B@a7 Ra8 37. Be3 N@c4 38. Rb1 R@g4 39. N@c3 
d4 40. N@d5 Bxd5 41. Nxd5 Rxg2+ 42. Kxg2 B@e4+ 43. N@f3 N@h4+ 44. Kg3 Bxd5 
45. Nxh4 N@h1+ 46. Qxh1 P@f4+ 47. Kg4 Bxh1 48. Kh3 dxe3 49. Rxh1 exf2 50. Kg2 
Q@g4+ 51. R@g3 Q@h3+ 52. Kxf2 fxg3+ 53. hxg3 Qgxg3+ 54. Ke2 R@d2# 
{Eyefor checkmated} 0-1

[Event "fics rated crazyhouse match"]
[Site "fics, Oklahoma City, OK USA"]
[Date "2000.03.06"]
[White "LordPixel"]
[WhiteElo "2444"]
[Black "Eyefor"]
[BlackElo "2399"]
[TimeControl "0+1"]
[Result "0-1"]

1. e4 e6 2. d4 Nf6 3. e5 Nd5 4. Nf3 d6 5. exd6 cxd6 6. Be2 
Be7 7. O-O O-O 8. c4 Nb4 9. Qd2 N8c6 10. a3 Qa5 11. P@c3 Na6 
12. d5 Ne5 13. Nxe5 dxe5 14. dxe6 Bxe6 15. N@d5 Bxd5 16. Qxd5 Qxd5 17. cxd5 
P@c2 18. Nd2 N@f4 19. Bxa6 N@h3+ 20. Kh1 Q@g1+ 21. Rxg1 Nxf2# 
{LordPixel checkmated} 0-1

[Event "fics rated crazyhouse match"]
[Site "fics, Oklahoma City, OK USA"]
[Date "2000.03.06"]
[White "LordPixel"]
[WhiteElo "2442"]
[Black "Eyefor"]
[BlackElo "2401"]
[TimeControl "0+1"]
[Result "1-0"]

1. e4 Nf6 2. Nc3 d5 3. exd5 Nxd5 4. d4 e6 5. Nxd5 exd5 6. Nf3 
Nc6 7. Be2 P@h3 8. N@f4 hxg2 9. Nxg2 P@h3 10. Nf4 N@g2+ 11. Nxg2 hxg2 
12. Rg1 N@h4 13. N@g5 Bb4+ 14. P@c3 Nxf3+ 15. Bxf3 Nxd4 16. Qxd4 Bxc3+ 17. Qxc3 
d4 18. B@c6+ Bd7 19. Qb3 Qe7+ 20. Bce4 P@e2 21. Qxb7 N@b6 22. Qxc7 P@e3 
23. Rxg2 exf2+ 24. Rxf2 Qb4+ 25. P@d2 P@g2 26. Bxg2 Nc4 27. Bxa8 O-O 28. Qxd7 
Nxb2 29. N@e7+ Qxe7 30. Qxe7 N@c8 31. Qxe2 P@c3 32. Nxf7 cxd2+ 33. Qxd2 Rxf7 
34. Q@e8+ N@f8 35. Qxf7+ Kh8 36. Qxf8# 
{Eyefor checkmated} 1-0

[Event "fics rated crazyhouse match"]
[Site "fics, Oklahoma City, OK USA"]
[Date "2000.03.06"]
[White "Eyefor"]
[WhiteElo "2394"]
[Black "LordPixel"]
[BlackElo "2449"]
[TimeControl "0+1"]
[Result "1-0"]

1. e4 Nf6 2. Nc3 d5 3. exd5 Nxd5 4. d4 e6 5. Nxd5 exd5 6. Nf3 
Nc6 7. Be2 P@h3 8. N@f4 hxg2 9. Nxg2 Bb4+ 10. Bd2 N@e4 11. Bxb4 Nxb4 
12. B@a4+ B@d7 13. Bxd7+ Bxd7 14. P@d3 Nxf2 15. Kxf2 P@h3 16. Nf4 P@g5 17. Nh5 
Rg8 18. a3 Nxc2 19. Qxc2 P@g6 20. Nxg7+ Rxg7 21. B@e5 N@g4+ 22. Ke1 B@f2+ 
23. Kd2 Nxe5 24. dxe5 B@a4 25. P@b3 Bxb3 26. Qxb3 Be3+ 27. Kxe3 P@c4 28. Qxb7 
cxd3 29. N@f6+ Kf8 30. Nxd7+ Qxd7 31. Qxa8+ Qe8 32. Qxe8+ Kxe8 33. N@f6+ Ke7 
34. R@e8# 
{LordPixel checkmated} 1-0

[Event "fics rated crazyhouse match"]
[Site "fics, Oklahoma City, OK USA"]
[Date "2000.03.06"]
[White "LordPixel"]
[WhiteElo "2440"]
[Black "Eyefor"]
[BlackElo "2403"]
[TimeControl "0+1"]
[Result "1-0"]

1. e4 e6 2. d4 d6 3. Nf3 Nf6 4. Bd3 Be7 5. e5 Ng4 6. Qe2 
Nc6 7. exd6 Bxd6 8. P@c5 Bxh2 9. Nxh2 Nxh2 10. Rxh2 Nxd4 11. B@a4+ P@c6 
12. Qg4 N@f5 13. Bxf5 Nxf5 14. N@e5 B@a5+ 15. Bd2 Bxd2+ 16. Nxd2 B@g1 17. B@h4 
Qd4 18. Qxd4 O-O 19. Qf4 P@e3 20. fxe3 Bxh2 21. Qxh2 Nxe3 22. P@e7 Re8 
23. Q@f2 Rxe7 24. Bxe7 Nxg2+ 25. Qhxg2 R@f8 26. N@h6+ Kh8 27. Nexf7+ Rxf7 28. R@g8# 
{Eyefor checkmated} 1-0

[Event "fics rated crazyhouse match"]
[Site "fics, Oklahoma City, OK USA"]
[Date "2000.03.06"]
[White "Eyefor"]
[WhiteElo "2396"]
[Black "LordPixel"]
[BlackElo "2447"]
[TimeControl "0+1"]
[Result "1-0"]

1. e4 e6 2. d4 d6 3. Nf3 Nf6 4. Bd3 Nc6 5. c3 e5 6. d5 
Nb8 7. h3 Nbd7 8. Ng5 Nc5 9. Be3 Nxd3+ 10. Qxd3 h6 11. Nxf7 Kxf7 
12. P@e6+ Kg8 13. N@f7 Qe7 14. Nxd6 Qxd6 15. P@f7+ Kh7 16. Bxa7 Rxa7 17. P@c2 
N@c5 18. Qf3 Nfxe4 19. b4 Qxd5 20. bxc5 P@d2+ 21. Nxd2 Qxd2+ 22. Kf1 B@a6+ 
23. P@d3 Nxc3 24. Qf5+ N@g6 25. N@h4 P@e2+ 26. Kg1 e1=R+ 27. Rxe1 Qxe1+ 28. Kh2 
B@f4+ 29. P@g3 Bxd3 30. Qxd3 Bxg3+ 31. Qxg3 Qe4 32. Nxg6 Qxg6 33. B@g8+ Rxg8 
34. Qxg6+ Kxg6 35. fxg8=Q Nxa2 36. Q@f7+ Kg5 37. N@f3# 
{LordPixel checkmated} 1-0

[Event "fics rated crazyhouse match"]
[Site "fics, Oklahoma City, OK USA"]
[Date "2000.03.06"]
[White "LordPixel"]
[WhiteElo "2438"]
[Black "Eyefor"]
[BlackElo "2405"]
[TimeControl "0+1"]
[Result "1-0"]

1. d4 e6 2. Nc3 d6 3. Nf3 Nf6 4. Bg5 Nbd7 5. Bxf6 Nxf6 6. N@g5 
B@a5 7. Nxf7 Kxf7 8. Ng5+ Ke7 9. P@e5 N@e4 10. exf6+ Nxf6 11. N@f7 Bxc3+ 
12. bxc3 P@e3 13. fxe3 Qd7 14. Nxh8 N@b2 15. Qc1 Qb5 16. Nhf7 h6 17. R@b3 
Qd5 18. Rxb2 hxg5 19. N@b4 Qc4 20. Nxg5 Qxc3+ 21. P@d2 P@f2+ 22. Kxf2 N@e4+ 
23. Nxe4 Nxe4+ 24. Ke1 Qxd2+ 25. Qxd2 P@f2+ 26. Kd1 N@c3+ 27. Kc1 Nxd2 28. B@g5+ 
Kf7 29. N@h8+ Kg8 30. P@f7+ Kxh8 31. Q@g8# 
{Eyefor checkmated} 1-0